 Dungeon Crawl Stone Soup version 0.26-a0-648-g87339cca5e (webtiles) character file.

Game seed: 13023396526883057875

47 Descartes the Ducker (level 3, -5/20 HPs)
             Began as a Deep Elf Wanderer on Sept 25, 2020.
             Slain by a worm (11 damage)
             ... on level 2 of the Dungeon.
             The game lasted 00:01:48 (1303 turns).

Descartes the Ducker (Deep Elf Wanderer)            Turns: 1303, Time: 00:01:49

Health: -5/20      AC:  2    Str:  9    XL:     3   Next: 48%
Magic:  8/8        EV: 14    Int: 16    God:
Gold:   45         SH:  0    Dex: 15    Spells: 6/6 levels left

rFire    . . .     SeeInvis .   a - +2 falchion
rCold    . . .     Faith    .   (no shield)
rNeg     . . .     Spirit   .   d - +0 robe
rPois    .         Reflect  .   (no helmet)
rElec    .         Harm     .   (no cloak)
rCorr    .         Rampage  .   (no gloves)
MR       .....                  (no boots)
Stlth    ++........             (no amulet)
HPRegen  0.06/turn              (no ring)
MPRegen  0.11/turn              (no ring)

@: no status effects
A: no striking features
a: no special abilities


You were on level 2 of the Dungeon.
You visited 1 branch of the dungeon, and saw 2 of its levels.

You collected 45 gold pieces.

Inventory:

Hand Weapons
 a - a +2 falchion (weapon)
 c - a +0 spear
 e - a +0 dagger
Missiles
 f - 42 stones (quivered)
 i - 18 arrows
Armour
 d - a +0 robe (worn)
Scrolls
 g - a scroll of magic mapping {unknown}
 h - 2 scrolls of amnesia {unknown}
 l - a scroll of remove curse {unknown}
Potions
 b - 3 potions of curing
 j - a potion of brilliance {unknown}
 k - a potion of stabbing {unknown}


   Skills:
 - Level 1.0 Fighting
 - Level 1.0 Long Blades
 - Level 1.3 Polearms
 + Level 4.3 Dodging
 + Level 3.4 Stealth
 + Level 2.3 Spellcasting
   Level 1.1 Evocations


You had 6 spell levels left.
You didn't know any spells.
Your spell library was empty.

Dungeon Overview and Level Annotations

Branches:
Dungeon (2/15)

Altars:
Ru


Message History

You are too injured to fight recklessly!
You are too injured to fight recklessly!
You are too injured to fight recklessly!
You are too injured to fight recklessly!
You are too injured to fight recklessly!
You are too injured to fight recklessly!
You are too injured to fight recklessly!
You are too injured to fight recklessly!
You are too injured to fight recklessly!
You are too injured to fight recklessly!
You are too injured to fight recklessly!
You are too injured to fight recklessly!
A worm is nearby!
You hit the worm.
The worm is heavily wounded.
You barely miss the worm.
The worm is heavily wounded.
The worm bites you!
Ouch! That really hurt!
You die...

........... .##.######
#.# #...# .##.# ).#.#..#
.##.# .#...#. .##.#
#.....# .##.# #.≈≈≈.#
.##.# # #≈...≈# # #..#
#. #≈w_.≈# .# #.## #.
#≈@..≈# .#
##.#########..#.≈≈≈.#.$#
..............#.....#..
##.####### #...#...#.#.#
#.# ####.#.#....# #.#
#######.#.###.#
#.#######....÷.....)[.#
#.........#############
###########


You could see a worm.

Vanquished Creatures
  An adder (D:2)
  3 dart slugs (D:1)
  3 bats
  2 giant cockroaches (D:2)
  3 goblins
  5 hobgoblins
  3 ball pythons (D:2)
  6 frilled lizards
  9 rats
35 creatures vanquished.

Notes
Turn   | Place    | Note
-------+----------+-------------------------------------------
     0 | D:1      | Descartes the Deep Elf Wanderer began the quest for the
                  | Orb.
     0 | D:1      | Descartes set off with the following items: a +2 falchion,
                  | a potion of curing, a +0 spear, a +0 robe, a +0 dagger
     0 | D:1      | Reached XP level 1. HP: 12/12 MP: 3/3
    77 | D:1      | Reached skill level 1 in Spellcasting
   213 | D:1      | Reached XP level 2. HP: 16/16 MP: 5/5
   286 | D:1      | Reached skill level 4 in Dodging
   770 | D:2      | Reached XP level 3. HP: 18/20 MP: 8/8
  1023 | D:2      | Found a sacrificial altar of Ru.
  1303 | D:2      | Slain by a worm

Illustrated notes

Levels and vault maps discovered:
D:1:      eino_arrival_cavern_b, layout_loops_ring
D:2:      cheibrodos_helix_gallery, layout_loops_ring, nicolae_ru_awakened_eye

Skill      XL: |  1  2 |
---------------+-------+-----
Spellcasting   | 1 2 |  2.3
Dodging        | 4 |  4.3
Stealth        | 3 |  3.4
Fighting       | |  1.0
Long Blades    | |  1.0
Polearms       | |  1.3
Evocations     | |  1.1

Action                   || total
-------------------------++-------
Melee: Falchion          ||    67
 Stab: Sleeping          ||     6
Armor: Robe              ||     4
Dodge: Dodged            ||    54
       Rpst.: Falchion   ||    17

Table legend: (Time is in decaauts)
 A = Elapsed time spent in this place.
 B = Non-inter-level travel time spent in this place.
 C = Inter-level travel time spent in this place.
 D = Time resting spent in this place.
 E = Time spent auto-exploring this place.
 F = Levels seen in this place.
 G = Mean time per level.
                   A        B        C        D        E       F      G
               +--------+--------+--------+--------+--------+-----+--------+
         Total |   1321 |   1307 |     14 |      0 |   1084 |   2 |  660.5 |
       Dungeon |   1321 |   1307 |     14 |      0 |   1084 |   2 |  660.5 |
               +--------+--------+--------+--------+--------+-----+--------+

Top non-repeatable levels by time:
     D:2: 661 daAuts
     D:1: 659 daAuts
